cohdb
Replays
Latest Replays
All Replays
Popular Replays
Top Player Replays
Match Explorer
How It Works
Community
CoH3 Stats
Reddit
Sign in to upload your games and track your stats! →
Sign in with Steam
Match 42938065
Unlisted
Match 42938065
Overview
Messages
Build Orders
End
Selects Armored Battlegroup
Construct Barracks
Engineer Squad
1⁄4-ton 4x4 Truck
1⁄4-ton 4x4 Truck
Selects Veteran Crews
1⁄4-ton 4x4 Truck
Construct Weapon Support Center
.30 cal Machine Gun
.30 cal Machine Gun
Bazooka Squad
.30 cal Machine Gun
Air Support Center
Bazooka Squad
Grasshopper Recon Run
Mortar Pit
P-47 Strafing Run
.30 cal Machine Gun
Selects Strength in Steel
1⁄4-ton 4x4 Truck
Riflemen Squad
Riflemen Squad
Engineer Squad
Construct Tank Depot
Grasshopper Recon Run
P-47 Dive Bomb
AI Takeover
Woogiee
Blondasekone
hemingyang108
DiMeL
My friend helped me
artillero68
Broche
手拿菜刀追一路
0
0
Comments
sign in to comment!
No comments posted yet!